 Dungeon Crawl Stone Soup version 0.28-a0-1389-gc726bef33b (webtiles) character file.

Game seed: 11650377991929365371

130 grumblor the Shield-Bearer (level 5, -7/28 HPs)
             Began as a Vine Stalker Fighter on Jan 3, 2022.
             Killed by divine providence
             ... invoked by an orc priest
              (11 damage)
             ... on level 3 of the Dungeon.
             The game lasted 00:02:23 (2690 turns).

grumblor the Shield-Bearer (Vine Stalker Fighter)   Turns: 2690, Time: 00:02:24

Health: -7/28      AC: 11    Str: 26    XL:     5   Next: 13%
Magic:  0/8        EV:  7    Int:  8    God:
Gold:   90         SH:  6    Dex: 14    Spells: 6/6 levels left

rFire   . . .      SeeInvis .   a - +1 war axe
rCold   . . .      Faith    .   c - +1 buckler
rNeg    . . .      Spirit   +   h - +0 plate armour
rPois   .          Reflect  .   (no helmet)
rElec   .          Harm     .   (no cloak)
rCorr   .          Rampage  .   (no gloves)
Will    .....                   (no boots)
Stlth   ..........              (no amulet)
HPRegen 0.89/turn               f - +6 ring of strength
MPRegen 0.11/turn               (no ring)

@: no status effects
A: fangs 2, regeneration 1, magic shield, antimagic bite, no potion heal 2
a: no special abilities


You were on level 3 of the Dungeon.
You visited 1 branch of the dungeon, and saw 3 of its levels.

You collected 90 gold pieces.

Inventory:

Hand Weapons
 a - a +1 war axe (weapon)
Armour
 c - a +1 buckler (worn)
 h - a +0 plate armour (worn)
Jewellery
 f - a +6 ring of strength (left hand)
Potions
 d - a potion of might
 e - a potion of lignification {unknown}
 g - a potion of haste


   Skills:
 + Level 3.1 Fighting
 + Level 2.8 Axes
 + Level 2.9 Armour
 * Level 1.0 Dodging
 * Level 3.2 Shields
 * Level 1.3 Spellcasting


You had 6 spell levels left.
You didn't know any spells.
Your spell library contained the following spells:

 Spells                   Type           Power      Damage    Failure   Level
 Passwall                 Tmut/Erth      0%         N/A       100%        2
 Swiftness                Air            0%         N/A       100%        3
 Tukima's Dance           Hex            0%         N/A       100%        3
 Passage of Golubria      Tloc           0%         N/A       100%        4
 Summon Ice Beast         Ice/Summ       0%         N/A       100%        4
 Summon Mana Viper        Hex/Summ       0%         N/A       100%        5
 Yara's Violent Unravell  Hex/Tmut       0%         3d3       100%        5
 Monstrous Menagerie      Summ           0%         N/A       100%        7


Dungeon Overview and Level Annotations

Branches:
Dungeon (3/15)

Altars:


Innate Abilities, Weirdness & Mutations

You have extremely sharp teeth.
Your natural rate of healing is unusually fast.
When hurt, damage is shared between your health and your magic reserves.
Your bite disrupts and absorbs the magic of your enemies.
Potions cannot restore your health.


Message History

Unknown command.
You are too injured to fight recklessly!
Unknown command.
You are too injured to fight recklessly!
Unknown command.
You are too injured to fight recklessly!
Unknown command.
Unknown command.
You closely miss the orc priest.
The orc priest is almost dead.
You hit the orc. You hit the gnoll.
You kill the gnoll!
The gnoll barely misses you. You block the orc priest's attack.
The orc hits you but does no damage.
The gnoll hits you from afar with a +0 spear.
You closely miss the orc priest.
The orc priest is almost dead.
You hit the orc.
You kill the orc!
You barely miss the gnoll. The orc priest barely misses you.
The gnoll closely misses you. You block the gnoll's attack.
The orc hits you but does no damage.
You closely miss the orc priest.
The orc priest is almost dead.
You barely miss the gnoll. You hit the orc. You block the orc priest's attack.
The gnoll hits you but does no damage. The gnoll barely misses you.
The orc barely misses you.
The orc priest invokes the aid of Beogh against you.
Pain shoots through your body!
* * * LOW HITPOINT WARNING * * *
The gnoll barely misses you.
Unknown command.
You hit the orc priest but do no damage.
The orc priest is almost dead.
You closely miss the orc.
Your plate armour prevents you from hitting the gnoll.
The gnoll hits you but does no damage. The orc hits you but does no damage.
The orc priest invokes the aid of Beogh against you.
Beogh smites you!
You die...

####....#.##.........#
...........'.........+
#####...#.##.....)...#
........†###.......##
#.#######.# ##.....##
#.# ##...## #.# ##'##
..# #)# #.# #@#
..##...goo..?#
#.##.go##.# .....
##..... ...###. ####
.# #


You could see an orc priest, 2 gnolls and 2 orcs.

Vanquished Creatures
  An orc priest (D:3)
  An orc wizard (D:2)
  A gnoll (D:3)
  An adder (D:3)
  2 worms (D:2)
  A dart slug (D:1)
  5 orcs
  3 ball pythons
  2 bats
  3 endoplasms
  2 giant cockroaches
  4 hobgoblins
  3 jackals (D:3)
  5 kobolds
  A quokka (D:1)
  A frilled lizard (D:3)
  4 goblins
  4 rats
44 creatures vanquished.

Notes
Turn   | Place    | Note
-------+----------+-------------------------------------------
     0 | D:1      | grumblor the Vine Stalker Fighter began the quest for the
                  | Orb.
     0 | D:1      | Reached XP level 1. HP: 11/11 MP: 2/2
   310 | D:1      | Reached XP level 2. HP: 16/16 MP: 3/3
  1442 | D:2      | Reached XP level 3. HP: 19/19 MP: 4/4
  1606 | D:2      | Found a faded altar of an unknown god.
  1750 | D:2      | Gained mutation: Your natural rate of healing is unusually
                  | fast. [Vine Stalker growth]
  1750 | D:2      | Reached XP level 4. HP: 8/24 MP: 2/6
  1806 | D:2      | Reached skill level 1 in Spellcasting
  2687 | D:3      | Reached skill level 1 in Dodging
  2687 | D:3      | Reached XP level 5. HP: 13/28 MP: 2/7
  2690 | D:3      | Killed from afar by an orc priest

Illustrated notes

Levels and vault maps discovered:
D:1:      roderic_dead_forest, layout_basic, minmay_quantized
D:2:      layout_basic, hellmonk_ecumenical_altar_arch_garden,
          grunt_ministairs_13
D:3:      layout_loops_corners, uniq_natasha

Skill      XL: |  1  2  3  4 |
---------------+-------------+-----
Axes           | 2 |  2.8
Fighting       | 3 |  3.1
Shields        | 3 |  3.2
Spellcasting   | 1 |  1.3
Dodging        | 1 |  1.0
Armour         | |  2.9

Action                   |  1- 3 |  4- 6 || total
-------------------------+-------+-------++-------
Melee: War axe           |    70 |    47 ||   117
       Bite              |    23 |    12 ||    35
  Use: Scroll            |     3 |     4 ||     7
Armor: Scale mail        |    30 |     8 ||    38
       Plate armour      |       |    18 ||    18
Dodge: Dodged            |    19 |    25 ||    44
Block: Buckler           |    11 |    25 ||    36

Table legend: (Time is in decaauts)
 A = Elapsed time spent in this place.
 B = Non-inter-level travel time spent in this place.
 C = Inter-level travel time spent in this place.
 D = Time resting spent in this place.
 E = Time spent auto-exploring this place.
 F = Levels seen in this place.
 G = Mean time per level.
                   A        B        C        D        E       F      G
               +--------+--------+--------+--------+--------+-----+--------+
         Total |   2736 |   2681 |     55 |      0 |   2356 |   3 |  912.0 |
       Dungeon |   2736 |   2681 |     55 |      0 |   2356 |   3 |  912.0 |
               +--------+--------+--------+--------+--------+-----+--------+

Top non-repeatable levels by time:
     D:2: 1170 daAuts
     D:1: 1016 daAuts
     D:3: 550 daAuts
